 Dungeon Crawl Stone Soup version 0.21-a0-221-gfe971b9 (webtiles) character file.

44 tidbits the Skirmisher (level 3, 0/33 HPs)
             Began as a Demigod Wanderer on Aug 26, 2017.
             Slain by a gnoll
             ... wielding a +0 flail
              (5 damage)
             ... on level 3 of the Dungeon.
             The game lasted 00:03:34 (459 turns).

tidbits the Skirmisher (Demigod Wanderer)            Turns: 459, Time: 00:03:34

Health: 0/33       AC:  8    Str: 15    XL:     3   Next: 23%
Magic:  6/6        EV:  9    Int: 18    God:
Gold:   35         SH:  0    Dex: 15    Spells: 2/2 levels left

rFire    . . .     SeeInvis .   a - +0 dagger (drain)
rCold    . . .     Gourm    .   (no shield)
rNeg     . . .     Faith    .   e - +2 scale mail
rPois    .         Spirit   .   (no helmet)
rElec    .         Reflect  .   (no cloak)
rCorr    .         Harm     .   (no gloves)
MR       .....                  (no boots)
Stlth    +.........             (no amulet)
HPRegen  0.11/turn              (no ring)
MPRegen  0.10/turn              (no ring)

@: drained
A: high mp 1
a: no special abilities


You were on level 3 of the Dungeon.
You were not hungry.

You visited 1 branch of the dungeon, and saw 3 of its levels.

You collected 35 gold pieces.

Inventory:

Hand Weapons
 a - a +0 dagger of draining (weapon)
   (You took it off a goblin on level 1 of the Dungeon)
 b - a +4 hunting sling
 d - a +0 dagger
 j - a +0 mace
Missiles
 h - 16 bolts
 i - a stone (quivered)
 m - a throwing net {!f}
Armour
 e - a +2 scale mail (worn)
Scrolls
 c - a scroll of teleportation
 n - a scroll of identify {unknown}
 o - a scroll of remove curse {unknown}
Potions
 l - 2 potions of agility
Comestibles
 f - a bread ration
 g - 2 royal jellies
 k - a meat ration


   Skills:
 + Level 3.6(3.1) Fighting
 - Level 1.0(0.4) Maces & Flails
 - Level 1.7(1.2) Armour
 + Level 1.4(0.9) Dodging
 - Level 2.6(2.1) Stealth
   Level 1.0(0.4) Evocations


You had 2 spell levels left.
You didn't know any spells.

Dungeon Overview and Level Annotations

Branches:
Dungeon (3/15)


Innate Abilities, Weirdness & Mutations

You have an increased reservoir of magic. (+10% MP)


Message History

You barely miss the gnoll.
The gnoll is heavily wounded.
The gnoll shouts!
The gnoll closely misses you.
A gnoll comes into view. It is wielding a flail.
The gnoll shouts!
You hit the gnoll.
The gnoll is severely wounded.
The gnoll hits you but does no damage.
You barely miss the gnoll.
The gnoll is severely wounded.
The gnoll barely misses you.
You hit the gnoll but do no damage.
The gnoll is severely wounded.
The gnoll hits you.
You barely miss the gnoll.
The gnoll is severely wounded.
The gnoll barely misses you.
You hit the gnoll.
The gnoll is severely wounded.
The gnoll misses you.
You hit the gnoll. You drain the gnoll!
You kill the gnoll!
Your base Dodging skill increases to level 1!
You have reached level 3!
Your experience leads to a dramatic increase in your attributes!
Your base attributes are Str 15, Int 18, Dex 13.
Increase (S)trength, (I)ntelligence, or (D)exterity?
You feel agile. x2
The gnoll misses you.
The gnoll hits you with a spear of piercing.
You closely miss the gnoll. The gnoll hits you but does no damage.
You closely miss the gnoll. The gnoll completely misses you.
The gnoll hits you with a spear of piercing.
You hit the gnoll. You drain the gnoll!
The gnoll is moderately wounded.
The gnoll barely misses you. The gnoll hits you but does no damage.
You barely miss the gnoll.
The gnoll is moderately wounded.
The gnoll closely misses you. The gnoll misses you.
You hit the gnoll but do no damage. The gnoll closely misses you.
The gnoll barely misses you.
You hit the gnoll but do no damage. The gnoll closely misses you.
The gnoll misses you.
You hit the gnoll.
The gnoll is lightly wounded.
The gnoll barely misses you.
You barely miss the gnoll.
The gnoll is lightly wounded.
The gnoll hits you with a flail!
* * * LOW HITPOINT WARNING * * *
The gnoll closely misses you.
You hit the gnoll but do no damage.
The gnoll is lightly wounded.
The gnoll barely misses you.
The gnoll hits you with a spear of piercing.
* * * LOW HITPOINT WARNING * * *
x2 You hit the gnoll but do no damage.
The gnoll is lightly wounded.
The gnoll closely misses you.
The gnoll hits you with a spear of piercing.
* * * LOW HITPOINT WARNING * * *
x2 You barely miss the gnoll.
The gnoll is lightly wounded.
The gnoll barely misses you. The gnoll closely misses you.
You barely miss the gnoll.
The gnoll is lightly wounded.
The gnoll hits you but does no damage. The gnoll barely misses you.
Okay, then.
You barely miss the gnoll.
The gnoll is moderately wounded.
The gnoll closely misses you.
You hit the gnoll.
The gnoll is heavily wounded.
The gnoll closely misses you. x2
The gnoll misses you.
You hit the gnoll but do no damage.
The gnoll is heavily wounded.
You feel a little less agile now.
The gnoll hits you but does no damage. x2
You closely miss the gnoll.
The gnoll is heavily wounded.
The gnoll completely misses you. The gnoll hits you but does no damage.
You hit the gnoll but do no damage.
The gnoll is heavily wounded.
The gnoll hits you but does no damage. x2
You hit the gnoll but do no damage. You drain the gnoll!
The gnoll is severely wounded.
The gnoll closely misses you. The gnoll hits you but does no damage.
You hit the gnoll but do no damage.
The gnoll is severely wounded.
The gnoll hits you with a flail.
* * * LOW HITPOINT WARNING * * *
The gnoll hits you but does no damage.
You hit the gnoll. You drain the gnoll!
You kill the gnoll!
You hit the gnoll but do no damage. You drain the gnoll!
The gnoll is moderately wounded.
The gnoll hits you with a flail.
You die...

##### ##...##
####.....##
..........# #
#......<##.#..
#..............
##.......#.....
####.....###.....
.......†g@........
........)..##.#...
........$..# .
..<.......##
...........
####.......#
#!..#....
#...##....


You could see a gnoll.

Vanquished Creatures
  2 gnolls (D:3)
  2 dart slugs
  3 giant cockroaches
  2 goblins (D:1)
  2 hobgoblins (D:1)
  3 kobolds (D:1)
  A quokka (D:2)
  2 frilled lizards (D:1)
  3 rats (D:1)
20 creatures vanquished.

Notes
Turn   | Place    | Note
-------+----------+-------------------------------------------
     0 | D:1      | tidbits the Demigod Wanderer began the quest for the Orb.
     0 | D:1      | tidbits set off with: a +2 scale mail, a +0 mace, a scroll of teleportation, a +0 dagger, a bread ration
     0 | D:1      | Reached XP level 1. HP: 18/18 MP: 3/3
    86 | D:1      | Reached skill level 3 in Fighting
   186 | D:1      | Reached XP level 2. HP: 20/26 MP: 5/5
   436 | D:3      | Reached skill level 1 in Dodging
   436 | D:3      | Reached XP level 3. HP: 24/31 MP: 6/6
   459 | D:3      | Slain by a gnoll

Vault maps used:
D:1:      tarquinn_simple_flora_water_d, minmay_misc_feat_alley
D:2:      cheibriados_altar_1, grunt_temple_overflow_gold_and_silver,
          chequers_ecumenical_altar_simple_redux, uniq_crazy_yiuf_cottage,
          uniq_terence
D:3:      lemuel_round_altar, gup_sewer_entry_bubbles,
          nicolae_tso_carved_into_rock

Skill      XL: |  1  2 |
---------------+-------+-----
Fighting       | 3 |  3.6
Dodging        | 1 |  1.4
Maces & Flails | |  1.0
Armour         | |  1.7
Stealth        | |  2.6
Evocations     | |  1.0

Action                   || total
-------------------------++-------
Melee: Mace              ||    22
       Dagger            ||    68
 Fire: Hunting sling     ||     1
  Use: Potion            ||     1
 Stab: Sleeping          ||     2
Armor: Scale mail        ||    35
Dodge: Dodged            ||    45

Table legend:
 A = Spawn XP
 B = Non-spawn XP
 C = Spawn XP percentage of total XP
 D = Spawn monster count
 E = Non-spawn monster count
 F = Spawn count percentage of total count
 G = Total turns spent on level
                    A         B        C        D         E        F      G
               +---------+---------+-------+---------+---------+-------+---------
         Total |       3 |      61 |   4.7 |       2 |      18 |  10.0 |   459
               +---------+---------+-------+---------+---------+-------+---------
           D:1 |       3 |      23 |  11.5 |       2 |      13 |  13.3 |   372
           D:2 |       0 |       6 |   0.0 |       0 |       2 |   0.0 |    49
           D:3 |       0 |      32 |   0.0 |       0 |       3 |   0.0 |    38
               +---------+---------+-------+---------+---------+-------+---------

Table legend:
 A = Turns spent in this place as a percentage of turns spent in the entire game.
 B = Non-inter-level travel turns spent in this place as a percentage of non-inter-level travel turns spent in the entire game.
 C = Inter-level travel turns spent in this place as a percentage of turns spent in this place.
 D = Turns resting spent in this place as a percentage of non-inter-level travel turns spent in this place.
 E = Turns spent auto-exploring this place as a percentage of non-inter-level travel turns spent in this place.
 F = Non-inter-level travel turns spent in this place divided by the number of levels of this place that you've seen.
                   A       B       C       D       E      F
               +-------+-------+-------+-------+-------+----------------------
         Total | 100.0 | 100.0 |   0.0 |   0.0 |   0.0 | 153.0
       Dungeon | 100.0 | 100.0 |   0.0 |   0.0 |   0.0 | 153.0
               +-------+-------+-------+-------+-------+----------------------

Table legend:
 A = Kills in this place as a percentage of kills in entire the game.
 B = Kills by you in this place as a percentage of kills by you in the entire game.
 C = Kills by friends in this place as a percentage of kills by friends in the entire game.
 D = Other kills in this place as a percentage of other kills in the entire game.
 E = Experience gained in this place as a percentage of experience gained in the entire game.
 F = Experience gained in this place divided by the number of levels of this place that you have seen.
                   A       B       C       D       E      F
               +-------+-------+-------+-------+-------+----------------------
         Total | 100.0 | 100.0 |   N/A |   N/A | 100.0 |  21.3
       Dungeon | 100.0 | 100.0 |   N/A |   N/A | 100.0 |  21.3
               +-------+-------+-------+-------+-------+----------------------

Vault maps used:
D:1:      tarquinn_simple_flora_water_d, minmay_misc_feat_alley
D:2:      cheibriados_altar_1, grunt_temple_overflow_gold_and_silver,
          chequers_ecumenical_altar_simple_redux, uniq_crazy_yiuf_cottage,
          uniq_terence
D:3:      lemuel_round_altar, gup_sewer_entry_bubbles,
          nicolae_tso_carved_into_rock
